 Dungeon Crawl Stone Soup version 0.30-a0-779-g7971cf19c3 (webtiles) character file.

Game seed: 13049392736938000492

11 Pimp the Stinger (level 2, 0/19 HPs)
             Began as a Demonspawn Venom Mage on Feb 17, 2023.
             Slain by a hobgoblin (3 damage)
             ... on level 1 of the Dungeon.
             The game lasted 00:00:59 (280 turns).

Pimp the Stinger (Demonspawn Venom Mage)             Turns: 280, Time: 00:00:59

Health: 0/19       AC:  2    Str:  8    XL:     2   Next: 13%
Magic:  1/5        EV: 12    Int: 16    God:
Gold:   16         SH:  0    Dex: 13    Spells: 4/5 levels left

rFire   . . .      SeeInvis .    (no weapon)
rCold   . . .      Faith    .    (no shield)
rNeg    . . .      Spirit   .    a - +0 robe
rPois   .          Reflect  .    (no helmet)
rElec   .          Harm     .    (no cloak)
rCorr   .          Rampage  .    (no gloves)
Will    .....                    (no boots)
Stlth   ++                       (no amulet)
HPRegen 0.23/turn                (no ring)
MPRegen 0.09/turn                (no ring)

@: very slightly contaminated
A: foul stench 1
a: no special abilities


You were on level 1 of the Dungeon.
You visited 1 branch of the dungeon, and saw 1 of its levels.

You collected 16 gold pieces.

Inventory:

Armour
 a - a +0 robe (worn)
Scrolls
 c - a scroll of poison {unknown}
 d - 4 scrolls of identify {unknown}
Potions
 b - a potion of magic


   Skills:
 + Level 2.0 Dodging
 + Level 2.0 Stealth
 + Level 2.4 Spellcasting
 + Level 0.8 Transmutations
 + Level 3.0 Poison Magic


You had 4 spell levels left.
You knew the following spells:

 Your Spells              Type           Power      Damage    Failure   Level
a - Sting                 Tmut/Pois      32%        1d4       9%          1

Your spell library contained the following spells:

 Spells                   Type           Power      Damage    Failure   Level
 Poisonous Vapours        Pois/Air       12%        N/A       16%         2
 Kiss of Death            Conj/Necr      4%         2d5       21%         1
 Mephitic Cloud           Conj/Pois/Air  5%         N/A       36%         3
 Olgreb's Toxic Radiance  Pois           11%        N/A       50%         4
 Confusing Touch          Hex            1%         N/A       52%         3
 Dispel Undead            Necr           1%         3d6       89%         4


Dungeon Overview and Level Annotations

Branches:
Dungeon (1/15)

Altars:


Innate Abilities, Weirdness & Mutations

You may rarely emit foul miasma when damaged in melee.


Message History

The kobold is moderately wounded.
The kobold hits you with a +2 dagger of speed.
You closely miss the kobold.
The kobold is moderately wounded.
The kobold closely misses you. The kobold barely misses you.
You hit the kobold but do no damage.
The kobold is moderately wounded.
The kobold hits you with a +2 dagger of speed.
You closely miss the kobold.
The kobold is moderately wounded.
The kobold misses you.
The kobold hits you with a +2 dagger of speed.
* * * LOW HITPOINT WARNING * * *
You hit the kobold.
The kobold is severely wounded.
The kobold hits you with a +2 dagger of speed.
* * * LOW HITPOINT WARNING * * *
The kobold throws a stone.
The stone closely misses you.
Casting: Sting (safe; 9% risk of failure)
Confirm with . or Enter, or press ? or * to list all spells.
Aiming: Sting (safe; 9% risk of failure)
Press: ? - help, Shift-Dir - straight line, f/p - kobold
Aim: a kobold, wielding a +2 dagger of speed and quivering stones (severely wounded, 60% to hit)
The sting hits the kobold.
The kobold is poisoned.
You kill the kobold!
Your Stealth skill increases to level 2!
Things that are here:
a +0 whip; a stone
Casting: Sting (safe; 9% risk of failure)
Confirm with . or Enter, or press ? or * to list all spells.
Aiming: Sting (safe; 9% risk of failure)
Press: ? - help, Shift-Dir - straight line, f - hobgoblin
Aim: a hobgoblin, wearing a +0 robe (68% to hit)
You miscast Sting.
You are very lightly contaminated with residual magic.
Nothing appears to happen.
You barely miss the hobgoblin. The hobgoblin hits you.
* * * LOW HITPOINT WARNING * * *
You barely miss the hobgoblin. The hobgoblin hits you.
You die...

#.# #.## #)###
#.# #.# #....
#.# #.# #####
#)# ##.########
#.# #.†........
#.# #.#####.###
#.# #.#
#.############.#
#......g@...##.#
###########.##.#
#....# ######


You could see a hobgoblin.

Vanquished Creatures
  A dart slug (D:1)
  2 giant cockroaches (D:1)
  2 goblins (D:1)
  2 kobolds (D:1)
  A rat (D:1)
8 creatures vanquished.

Notes
Turn   | Place    | Note
-------+----------+-------------------------------------------
     0 | D:1      | Pimp the Demonspawn Venom Mage began the quest for the Orb.
     0 | D:1      | Reached XP level 1. HP: 13/13 MP: 3/3
   231 | D:1      | Gained mutation: You may rarely emit foul miasma when
                  | damaged in melee. [demonic ancestry]
   231 | D:1      | Reached XP level 2. HP: 19/19 MP: 1/5
   280 | D:1      | Slain by a hobgoblin

Illustrated notes

Levels and vault maps discovered:
D:1:      minmay_arrival_jagged, layout_loops_ring

Skill      XL: |  1  2 |
---------------+-------+-----
Dodging        | 2 |  2.0
Stealth        | 2 |  2.0
Spellcasting   | |  2.4
Transmutations | |  0.8
Poison Magic   | |  3.0

Action                     || total
---------------------------++-------
  Melee: Unarmed           ||    27
   Cast: Sting             ||    11
   Stab: Sleeping          ||     3
 Armour: Robe              ||     7
  Dodge: Dodged            ||    23

Table legend: (Time is in decaauts)
 A = Elapsed time spent in this place.
 B = Non-inter-level travel time spent in this place.
 C = Inter-level travel time spent in this place.
 D = Time resting spent in this place.
 E = Time spent auto-exploring this place.
 F = Levels seen in this place.
 G = Mean time per level.
                   A        B        C        D        E       F      G
               +--------+--------+--------+--------+--------+-----+--------+
         Total |    280 |    280 |      0 |     28 |    144 |   1 |  280.0 |
       Dungeon |    280 |    280 |      0 |     28 |    144 |   1 |  280.0 |
               +--------+--------+--------+--------+--------+-----+--------+

Top non-repeatable levels by time:
     D:1: 280 daAuts
